 Dungeon Crawl Stone Soup version 0.17-a0-377-gdd46233 (webtiles) character file.

2 RobertPalmer the Caller (level 1, -2/16 HPs)
             Began as an Ogre Summoner on Apr 1, 2015.
             Slain by a goblin
             ... wielding a +0 dagger
              (4 damage)
             ... on level 1 of the Dungeon.
             The game lasted 00:00:35 (71 turns).

RobertPalmer the Caller (Ogre Summoner)               Turns: 71, Time: 00:00:36

Health: -2/16      AC:  3    Str: 12    XL:     1   Next: 30%
Magic:  1/3        EV:  9    Int: 14    God:
Gold:   0          SH:  0    Dex: 10    Spells: 1 memorised, 3 levels left

rFire  . . .     SeeInvis .     (no weapon)
rCold  . . .     Clarity  .     a - +0 robe
rNeg   . . .     SustAb   .     (no shield)
rPois  .         Gourm    .     (helmet restricted)
rElec  .         Spirit   .     (no cloak)
rCorr  .         Warding  .     (gloves unavailable)
rMut   .         Stasis   .     (boots unavailable)
MR     .....                    (no amulet)
Stlth  +.........               (no ring)
                                (no ring)

@: heavily drained, not resistant to hostile enchantments, very unstealthy
A: unfitting armour, tough skin 1
a: no special abilities


You were on level 1 of the Dungeon.
You were not hungry.

You visited 1 branch of the dungeon, and saw 1 of its levels.

Inventory:

Armour
 a - a +0 robe (worn)
Scrolls
 e - a scroll of blinking {unknown}
Potions
 f - a potion of curing {unknown}
Books
 b - a book of Callings
Comestibles
 c - a bread ration {@e1}
 d - a chunk of flesh {@w0}


   Skills:
 - Level 1.7(0.0) Dodging
 - Level 1.5(0.0) Stealth
 - Level 2.4(0.4) Spellcasting
 + Level 3.0(1.0) Summonings


You had 3 spell levels left.
You knew the following spells:

 Your Spells              Type           Power        Failure   Level  Hunger
a - Summon Small Mammal   Summ           #...         21%         1    ##.....


Dungeon Overview and Level Annotations

Branches:
Dungeon (1/15)

Altars:


Innate Abilities, Weirdness & Mutations

You are too large for most types of armour.
You have tough skin (AC +1).


Message History

The kobold hits your quokka with a dagger of draining.
Your quokka dies!
Your quokka's corpse disappears in a puff of smoke!
Your bat hits the kobold but does no damage.
Your bat hits the goblin. The goblin misses your bat.
The kobold barely misses your bat.
Your bat hits the kobold but does no damage.
Your bat closely misses the kobold.
The goblin hits your bat but does no damage.
The kobold hits your bat with a dagger of draining.
Your bat barely misses the goblin.
Your bat closely misses the goblin.
Your bat hits the kobold but does no damage.
You see here a rat skeleton.
Your bat barely misses the goblin.
Your bat hits the goblin. The goblin hits your bat with a dagger.
Your bat dies!
Your bat's corpse disappears in a puff of smoke!
A rat comes into view.
MP restored: 3 A rat comes into view.
The rat bites you.
You take 2 damage, and have 13/16 hp.
The rat bites you.
You take 1 damage, and have 12/16 hp.
Found a stone staircase leading down.
You see here a scroll labeled YROULL RAXICWE.
e - a scroll labeled YROULL RAXICWE The rat closely misses you.
The rat bites you but does no damage.
You see here a lumpy amethyst potion.
f - a lumpy amethyst potion The rat barely misses you.
The rat closely misses you.
A goblin comes into view. It is wielding a dagger.
The rat twitches its whiskers.
The rat twitches its whiskers.
The rat closely misses you. The rat bites you but does no damage.
You now have 2/3 mp.
The rat barely misses you. x2
You now have 1/3 mp.
The rat bites you. The rat closely misses you.
You now have 0/3 mp.
You closely miss the rat. The rat bites you. The rat barely misses you.
Your rat bites the rat.
You take 2 damage, and have 11/16 hp.
You hit the rat.
You kill the rat!
The rat bites you but does no damage. The goblin barely misses your rat.
Your rat barely misses the rat.
You hit the kobold but do no damage. The kobold hits you but does no damage.
You feel drained. The rat barely misses you.
The goblin hits your rat with a dagger.
Your rat bites the rat.
Your rat bites the rat but does no damage.
You hit the kobold but do no damage. The kobold hits you but does no damage.
You feel drained. The rat bites your rat.
Your rat dies!
Your rat's corpse disappears in a puff of smoke!
The goblin barely misses your rat.
Your rat closely misses the rat.
You hit the kobold.
The kobold hits you with a dagger of draining.
You feel drained. The rat bites you but does no damage.
The goblin hits your rat with a dagger.
Your rat dies!
Your rat's corpse disappears in a puff of smoke!
You take 3 damage, and have 8/16 hp.
You hit the kobold but do no damage.
Your rat bites the rat but does no damage.
The kobold hits you with a dagger of draining.
* * * LOW HITPOINT WARNING * * *
You feel drained. The rat bites you but does no damage.
You take 4 damage, and have 4/16 hp.
MASSIVE DAMAGE!!
You hit the kobold but do no damage.
Your rat barely misses the rat.
The kobold barely misses you. The rat barely misses you. The goblin misses you.
Unknown command.
You hit the kobold but do no damage.
Your rat barely misses the rat.
The kobold hits you but does no damage.
You feel drained. The rat barely misses you.
The goblin hits you but does no damage.
Unknown command.
You closely miss the kobold.
Your rat closely misses the rat.
The kobold hits you but does no damage.
You feel drained. The rat barely misses you. The goblin hits you with a dagger.
* * * LOW HITPOINT WARNING * * *
You take 2 damage, and have 2/16 hp.
You barely miss the kobold.
Your rat closely misses the rat.
The kobold hits you but does no damage.
You feel drained. The rat bites you but does no damage.
The goblin barely misses you.
Unknown command.
You hit the kobold but do no damage.
Your rat bites the rat.
The rat dies!
The kobold hits you but does no damage.
You feel drained. The goblin hits you with a dagger.
You die...

.....# .....## ......
.....# .....#
###########
.....######.........#
................r...#
................g...#
...............K@...#
.......##.....#######
.......##...###
.......##.....
..............
....>.........
..........!.. .....
...


You could see a goblin, a kobold and a friendly rat.

Vanquished Creatures
  2 rats (D:1)
2 creatures vanquished.

Vanquished Creatures (collateral kills)
  A rat (D:1)
1 creature vanquished.

Vanquished Creatures (others)
  A quokka (D:1)
  A bat (D:1)
  2 rats (D:1)
4 creatures vanquished.

Grand Total: 7 creatures vanquished

Notes
Turn   | Place    | Note
--------------------------------------------------------------
     0 | D:1      | RobertPalmer, the Ogre Summoner, began the quest for the Orb.
     0 | D:1      | Reached XP level 1. HP: 16/16 MP: 3/3
     9 | D:1      | Reached skill level 3 in Summonings
    66 | D:1      | HP: 4/16 [kobold/dagger of draining (4)]
    71 | D:1      | Slain by a goblin

Action                   || total
-------------------------++-------
Melee: Unarmed           ||    12
 Cast: Summon Small Mamm ||     5

Vault maps used:
D:1:      dpeg_arrival_short_road, minmay_fountain_box

Table legend:
 A = Turns spent in this place as a percentage of turns spent in the entire game.
 B = Non-inter-level travel turns spent in this place as a percentage of non-inter-level travel turns spent in the entire game.
 C = Inter-level travel turns spent in this place as a percentage of turns spent in this place.
 D = Turns resting spent in this place as a percentage of non-inter-level travel turns spent in this place.
 E = Turns spent auto-exploring this place as a percentage of non-inter-level travel turns spent in this place.
 F = Non-inter-level travel turns spent in this place divided by the number of levels of this place that you've seen.
                   A       B       C       D       E      F
               +-------+-------+-------+-------+-------+----------------------
         Total | 100.0 | 100.0 |   0.0 |   0.0 |   2.6 |  76.0
       Dungeon | 100.0 | 100.0 |   0.0 |   0.0 |   2.6 |  76.0
               +-------+-------+-------+-------+-------+----------------------

Table legend:
 A = Kills in this place as a percentage of kills in entire the game.
 B = Kills by you in this place as a percentage of kills by you in the entire game.
 C = Kills by friends in this place as a percentage of kills by friends in the entire game.
 D = Other kills in this place as a percentage of other kills in the entire game.
 E = Experience gained in this place as a percentage of experience gained in the entire game.
 F = Experience gained in this place divided by the number of levels of this place that you have seen.
                   A       B       C       D       E      F
               +-------+-------+-------+-------+-------+----------------------
         Total | 100.0 | 100.0 | 100.0 |  -nan | 100.0 |   3.0
       Dungeon | 100.0 | 100.0 | 100.0 |  -nan | 100.0 |   3.0
               +-------+-------+-------+-------+-------+----------------------
